 Dungeon Crawl Stone Soup version 0.31.0-32-g396128a36d (webtiles) character file.

Game seed: 9003363402969950014

135727 imdaedric the Eclecticist (level 16, -1/92 HPs)
             Began as a Deep Elf Conjurer on Apr 20, 2024.
             Was a High Priest of Vehumet.
             Slain by a mana viper (7 damage)
             ... led by a naga ritualist
             ... on level 2 of the Snake Pit.
             The game lasted 01:47:15 (41249 turns).

imdaedric the Eclecticist (Deep Elf Conjurer)      Turns: 41249, Time: 01:47:16

Health: -1/92      AC: 10    Str:  9    XL:     16   Next: 65%
Magic:  0/50       EV: 12    Int: 40    God:    Vehumet [*****.]
Gold:   2626       SH:  0    Dex: 10    Spells: 3/53 levels left

rFire   . . .        A - staff "Hydraslayer" {rElec Necro Tloc Air}
rCold   + + +        (no shield)
rNeg    . . .        J - +2 robe "Fybliemuoh" {rCorr Int+2 Dex-3 SInv}
rPois   .            z - +2 helmet {SInv}
rElec   +            K - scarf {repulsion}
rCorr   +            (no gloves)
SInv    +            E - +2 pair of boots {Stlth+}
Will    +....        a - amulet of regeneration
Stlth   ++++         Z - ring "Nowuthiu" {^Drain rC+++ Str+5 Int+6 Stlth+}
HPRegen 1.15/turn    j - ring of magical power
MPRegen 0.32/turn

%: repel missiles
@: studying Fighting
A: no striking features
a: Renounce Religion


You were on level 2 of the Snake Pit.
You worshipped Vehumet.
Vehumet was extremely pleased with you.
You visited 5 branches of the dungeon, and saw 25 of its levels.
You also visited: Sewer and Ice Cave.

You collected 3368 gold pieces.
You spent 742 gold pieces at shops.

Inventory:

Armour
 y - a +2 cloak of poison resistance
 z - a +2 helmet of see invisible (worn)
 C - +6 acid dragon scales
 E - a +2 pair of boots of stealth (worn)
 J - the +2 robe "Fybliemuoh" (worn) {rCorr Int+2 Dex-3 SInv}
   (You found it on level 1 of the Lair of Beasts)

   Int+2:     It affects your intelligence (+2).
   Dex-3:     It affects your dexterity (-3).
   SInv:      It lets you see invisible.
   rCorr:     It protects you from acid and corrosion.
 K - a scarf of repulsion (worn)
 V - a +0 robe of willpower
Magical Staves
 q - a staff of conjuration
 A - the staff "Hydraslayer" (weapon) {rElec Necro Tloc Air}
   (You found it on level 7 of the Dungeon)

   [staff of air]

   Base accuracy: +5 Base damage: 5 Base attack delay: 1.2 This weapon's minimum
   attack delay (0.6) is reached at skill level 12.
   rElec:     It insulates you from electricity.
   Necro:     It increases the power of your Necromancy spells.
   Tloc:      It increases the power of your Translocations spells.
   Air:       It increases the power of your Air spells.
   It falls into the 'Staves' category.
   It is a one-handed weapon.
 T - the staff of the Singing Gods {rN+ Str-2 Int+6 Necro}
   (You found it on level 4 of the Lair of Beasts)

   [staff of death]

   Base accuracy: +5 Base damage: 5 Base attack delay: 1.2 This weapon's minimum
   attack delay (0.6) is reached at skill level 12.
   Str-2:     It affects your strength (-2).
   Int+6:     It affects your intelligence (+6).
   rN+:       It protects you from negative energy.
   Necro:     It increases the power of your Necromancy spells.
   It falls into the 'Staves' category.
   It is a one-handed weapon.
Jewellery
 a - an amulet of regeneration (around neck)
 f - a ring of wizardry
 j - a ring of magical power (right hand)
 u - a ring of protection from fire
 D - the ring of Daffodils {rC+ rN+ Will+ Str-5}
   (You found it in an ice cave)

   [ring of protection from cold]

   Str-5:     It affects your strength (-5).
   rC+:       It protects you from cold.
   rN+:       It protects you from negative energy.
   Will+:     It increases your willpower.
 F - the ring "Puzaw" {Fly Int+2}
   (You took it off an orc warrior on level 9 of the Dungeon)

   [ring of flight]

   Int+2:     It affects your intelligence (+2).
   Fly:       It grants you flight.
 G - a ring of protection from fire
 O - a ring of magical power
 S - a ring of magical power
 W - the amulet "Zasopnul" {Reflect rElec Dex+6 SH+5}
   (You took it off a naga warrior on level 1 of the Snake Pit)

   [amulet of reflection]

   Reflect:   It reflects blocked missile attacks.
   Dex+6:     It affects your dexterity (+6).
   rElec:     It insulates you from electricity.
   SH+5:      It affects your SH (+5).
 Z - the ring "Nowuthiu" (left hand) {^Drain rC+++ Str+5 Int+6 Stlth+}
   (You found it on level 12 of the Dungeon)

   [ring of intelligence]

   Str+5:     It affects your strength (+5).
   Int+6:     It affects your intelligence (+6).
   rC+++:     It renders you almost immune to cold.
   ^Drain:    It drains your maximum health when unequipped.
   Stlth+:    It makes you more stealthy.
Wands
 b - a wand of roots (5)
 m - a wand of polymorph (2)
 t - a wand of flame (19)
 L - a wand of mindburst (8)
 X - a wand of quicksilver (8)
Scrolls
 c - a scroll of silence
 d - 6 scrolls of enchant weapon
 g - 3 scrolls of brand weapon
 k - 3 scrolls of fog
 o - a scroll of vulnerability
 w - 2 scrolls of amnesia
 x - 5 scrolls of poison
 I - a scroll of revelation
 M - 2 scrolls of immolation
 N - a scroll of teleportation
 Q - 13 scrolls of identify
Potions
 e - 3 potions of enlightenment
 h - 5 potions of cancellation
 i - 2 potions of ambrosia
 l - 8 potions of brilliance
 n - 2 potions of lignification
 p - a potion of invisibility
 r - a potion of attraction
 s - 5 potions of might
 B - 7 potions of curing
 H - 2 potions of berserk rage
 P - 5 potions of mutation
 R - 4 potions of magic
Miscellaneous
 v - a lightning rod (4/4)


   Skills:
 - Level 7.2 Fighting
 - Level 2.4 Dodging
 - Level 2.4 Stealth
 + Level 19.0 Spellcasting
 + Level 16.6 Conjurations
 - Level 10.3 Translocations
 + Level 12.7 Fire Magic
 + Level 8.1 Air Magic
 - Level 10.1 Earth Magic
 - Level 10.3 Alchemy


You had 3 spell levels left.
You knew the following spells:

 Your Spells              Type           Power      Damage    Failure   Level
a - Arcjolt               Conj/Air       58%        1d68      1%          5
b - Magic Dart            Conj           100%       1d8       0%          1
c - Searing Ray           Conj           100%       2d8       0%          2
d - Orb of Destruction    Conj           53%        9d13      1%          7
e - Starburst             Conj/Fire      50%        6d14      1%          6
f - Brom's Barrelling Bo  Conj/Erth      98%        2d11      1%          4
q - Conjure Ball Lightni  Conj/Air       58%        3x3d21    1%          6
s - Fulminant Prism       Conj/Alch      49%        3d20      1%          4
v - Shock                 Conj/Air       100%       1d9       0%          1
w - Flame Wave            Conj/Fire      100%       2d21      0%          4
x - Iskenderun's Mystic   Conj/Tloc      100%       2d19      1%          4
z - Bombard               Conj/Erth      49%        9d8       1%          6

Your spell library contained the following spells:

 Spells                   Type           Power      Damage    Failure   Level
 Apportation              Tloc           100%       N/A       0%          1
 Mephitic Cloud           Conj/Alch/Air  100%       N/A       0%          3
 Jinxbite                 Hex            76%        N/A       1%          2
 Mercury Vapours          Alch/Air       100%       N/A       1%          2
 Dazzling Flash           Conj/Hex       100%       N/A       1%          3
 Inner Flame              Hex/Fire       73%        N/A       1%          3
 Tukima's Dance           Hex            38%        N/A       1%          3
 Dimensional Bullseye     Hex/Tloc       43%        N/A       1%          4
 Vhi's Electric Charge    Tloc/Air       100%       N/A       1%          4
 Alistair's Intoxication  Alch           58%        N/A       1%          5
 Freezing Cloud           Conj/Ice/Air   51%        6-21      1%          5
 Irradiate                Conj/Alch      49%        3d28      1%          5
 Silence                  Hex/Air        40%        N/A       3%          5
 Ignition                 Fire           48%        3d14      7%          8
 Curse of Agony           Necr           54%        N/A       19%         5
 Maxwell's Capacitive Co  Air            50%        ∞         38%         8


Dungeon Overview and Level Annotations

Branches:
Dungeon (15/15)            Temple (1/1) D:7            Lair (5/5) D:9
  Swamp (0/4) Lair:2        Snake (2/4) Lair:3        Slime (0/5) Lair:4
    Orc (2/2) D:11            Elf (0/3) Orc:2        Vaults (0/5) D:14
 Depths (0/4) D:15          Sewer (visited)           IceCv (visited)

Altars:
Ashenzari
Cheibriados
Dithmenos
Elyvilon
Fedhas
Gozag
Hepliaklqana
Kikubaaqudgha
Makhleb
Nemelex Xobeh
Okawaru
Qazlal
Ru
Sif Muna
Trog
Uskayaw
Vehumet
Wu Jian
Xom
Yredelemnul
Zin
The Shining One
Jiyva

Shops:
D:10 !   Orc:2 =(*[

Portals:
Trove: D:10 (give 14 potions of curing)

Annotations:
D:6 2 transporters, Ahpoh's ghost, novice TrSh
D:10 2 runed translucent doors, unrecovered's ghost, novice DgFE
D:11 3 runed translucent doors


Message History

The mana viper bites you!
You feel your power leaking away.
Casting: Bombard (mildly dangerous; 1% risk of failure)
Confirm with . or Enter, or press ? or * to list all spells.
You don't have enough magic to cast this spell.
You feel sick.
You are no longer poisoned.
The mana viper barely misses you. The anaconda attacks as it pursues you!
The anaconda grabs you. The anaconda bites you. The anaconda constricts you.
The anaconda bites you! The anaconda constricts you.
You escape the anaconda's grasp.
The anaconda attacks as it pursues you! The anaconda grabs you.
The anaconda bites you but does no damage.
The anaconda constricts you.
The anaconda's grasp on you weakens, but your attempt to escape fails.
The anaconda bites you. The anaconda constricts you. The anaconda bites you.
The anaconda constricts you.
The anaconda's grasp on you weakens, but your attempt to escape fails.
The anaconda bites you. The anaconda constricts you.
* * * LOW HITPOINT WARNING * * *
The mana viper bites you.
* * * LOW HITPOINT WARNING * * *
You feel your power leaking away. The anaconda bites you!
* * * LOW HITPOINT WARNING * * *
The anaconda constricts you.
* * * LOW HITPOINT WARNING * * *
Okay, then.
Okay, then.
Okay, then.
Okay, then.
As you read the scroll of fear, it crumbles to dust.
You assume a fearsome visage.
The mana viper resists with some effort.
The mana viper looks frightened!
The anaconda looks frightened!
The mana viper bites you!
* * * LOW HITPOINT WARNING * * *
The anaconda loses its grip on you. The mana viper bites you!
You die...

#...# ######
#...# #...#
#....## #...#
#...# ###.....##
#...# #...#
#........# #...
#...# #........#
#... #...#
#........#
#..######...#
#........#
#..#.)#...S.#
##...#..##
#.......S.@.#
##..#.##
#...#####...##
###.## ..).....#
#.#..## #..#
........#
##....## #.†# #
#####...#
##....## #..# ##
#..?#
###.#.####..####.
#....
#........#....#
###..
##.......##....
#..
##............


You could see an anaconda (fleeing) and a mana viper.

Vanquished Creatures
  A shard shrike (IceCv)
  Rupert (D:12)
  Aizul (Snake:1)
  Kirke (Lair:4)
  A nagaraja (Snake:2)
  An orc warlord (Orc:2)
  An eleionoma (Lair:2)
  2 dire elephants (Lair:4)
  A white draconian (IceCv)
  A fire dragon (D:15)
  A yaktaur captain (D:14)
  2 rakshasas (D:15)
  5 hydras
  An ice dragon (D:15)
  An ogre mage (D:15)
  A merfolk avatar (Lair:5)
  5 catoblepae
  Erica (D:10)
  4 ironbound frosthearts (IceCv)
  3 anacondas
  9 two-headed ogres
  4 naga warriors
  9 death yaks (Lair:5)
  6 naga sharpshooters (Snake:1)
  2 boulder beetles
  3 orc high priests (Orc:2)
  A tengu warrior (D:15)
  A skyshark (Lair:5)
  Sonja (Orc:2)
  7 shock serpents
  A sea snake (Lair:5)
  A salamander mystic (Snake:1)
  An orange crystal statue (IceCv)
  5 naga ritualists
  9 mana vipers
  5 orc knights
  2 harpies (Lair:5)
  Pikel (D:4)
  4 deep elf pyromancers
  14 ugly things
  4 cyclopes
  2 salamanders
  3 manticores
  5 orc sorcerers
  18 black mambas
  A kobold blastminer (Orc:2)
  5 elephants (Lair:5)
  5 naga magi
  2 torpor snails (Lair:5)
  2 gargoyles (D:12)
  13 cane toads
  Maggie (D:8)
  3 unseen horrors
  25 rime drakes
  9 komodo dragons
  8 yaktaurs
  A yaktaur (shapeshifter) (D:15)
  An efreet (D:15)
  A kobold demonologist (D:13)
  Psyche (D:10)
  A guardian mummy (D:10)
  10 trolls
  18 polar bears (IceCv)
  7 dream sheep
  A hornet (D:10)
  4 blink frogs (Lair:5)
  2 snapping turtles (Lair:5)
  A culicivora (shapeshifter) (D:14)
  A shadow (D:10)
  5 wyverns
  6 slime creatures (D:14)
  5 wraiths
  26 yaks
  A vampire (D:9)
  4 basilisks
  5 hogs (Lair:4)
  A warg (Orc:2)
  3 steam dragons
  22 vampire mosquitoes
  17 nagas
  An acid dragon (D:6)
  23 water moccasins
  3 ice beasts
  5 black bears
  8 ogres
  42 orc warriors
  3 centaurs
  A lemure (D:4)
  11 kobold brigands
  2 brain worms (Sewer)
  13 bullfrogs
  3 scorpions
  7 wights
  3 killer bees (D:8)
  4 electric eels
  5 howler monkeys
  4 bombardier beetles (D:5)
  13 jellies
  31 orc priests
  Crazy Yiuf (D:6)
  A gnoll bouda (D:5)
  5 hounds (D:5)
  5 iguanas
  37 orc wizards
  10 gnolls
  21 adders
  3 river rats (Sewer)
  A shadow imp (D:6)
  2 white imps
  2 ufetubi (D:5)
  3 ribbon worms
  4 dart slugs
  96 orcs
  4 endoplasms
  6 giant cockroaches
  8 goblins
  10 hobgoblins
  2 jackals (Sewer)
  45 kobolds
  4 quokkas (D:5)
  20 ball pythons
  2 bats
  12 frilled lizards
  5 rats
862 creatures vanquished.

Vanquished Creatures (collateral kills)
  3 boulders
3 creatures vanquished.

Vanquished Creatures (others)
  An orc priest (Orc:2)
  5 ball lightnings (Snake:1)
  212 fulminant prisms
218 creatures vanquished.

Grand Total: 1083 creatures vanquished

Notes
Turn   | Place    | Note
-------+----------+-------------------------------------------
     0 | D:1      | imdaedric the Deep Elf Conjurer began the quest for the
                  | Orb.
     0 | D:1      | Reached XP level 1. HP: 10/10 MP: 6/6
   306 | D:1      | Reached XP level 2. HP: 16/16 MP: 5/8
   309 | D:1      | Learned a level 2 spell: Searing Ray
   619 | D:1      | Found a faded altar of an unknown god.
  1191 | D:2      | Reached skill level 1 in Translocations
  1191 | D:2      | Reached skill level 1 in Alchemy
  1435 | D:2      | Reached XP level 3. HP: 20/20 MP: 7/9
  1554 | D:2      | Reached skill level 1 in Fighting
  1922 | D:2      | Reached XP level 4. HP: 25/25 MP: 9/11
  2703 | D:3      | Reached skill level 4 in Spellcasting
  2703 | D:3      | Found a glowing drain.
  2725 | Sewer    | Entered a sewer
  2748 | Sewer    | Reached skill level 5 in Conjurations
  2790 | Sewer    | Reached XP level 5. HP: 25/29 MP: 8/13
  3191 | Sewer    | Reached XP level 6. HP: 35/35 MP: 5/14
  3504 | Sewer    | Reached skill level 5 in Spellcasting
  4714 | D:4      | Reached XP level 7. HP: 19/40 MP: 0/16
  5231 | D:4      | Noticed Pikel
  5452 | D:4      | Learned a level 4 spell: Fulminant Prism
  5457 | D:4      | Learned a level 4 spell: Iskenderun's Mystic Blast
  5535 | D:4      | Killed Pikel
  5536 | D:4      | Reached skill level 6 in Spellcasting
  5536 | D:4      | Reached XP level 8. HP: 46/46 MP: 6/19
  6418 | D:5      | Entered Level 5 of the Dungeon
  6891 | D:5      | Reached skill level 5 in Translocations
  6891 | D:5      | Reached skill level 5 in Alchemy
  7318 | D:5      | Reached skill level 7 in Spellcasting
  8004 | D:5      | Noticed a two-headed ogre
  8152 | D:5      | Reached XP level 9. HP: 52/52 MP: 17/22
  8617 | D:5      | Identified a scroll of acquirement
  8617 | D:5      | Acquired 1051 gold pieces
  8830 | D:6      | Reached skill level 8 in Spellcasting
  8830 | D:6      | Noticed a troll
  8837 | D:6      | Killed a troll
  9160 | D:6      | You fall into a shaft and drop 3 floors!
  9185 | D:8      | Noticed Maggie
  9199 | D:8      | Killed Maggie
  9645 | D:6      | Found the +18 Lear's hauberk
  9787 | D:6      | Found a transporter.
  9787 | D:6      | Found a transporter.
  9886 | D:6      | Found a runed translucent door.
  9887 | D:6      | Noticed Crazy Yiuf
  9892 | D:6      | Killed Crazy Yiuf
  9893 | D:6      | Reached skill level 5 in Fighting
  9948 | D:6      | Noticed Ahpoh's ghost (novice TrSh)
 10413 | D:7      | Found a staircase to the Ecumenical Temple.
 10430 | Temple   | Entered the Ecumenical Temple
 10459 | Temple   | Became a worshipper of Vehumet
 10767 | D:7      | Reached XP level 10. HP: 59/59 MP: 17/24
 10972 | D:7      | Reached skill level 9 in Spellcasting
 11005 | D:7      | Identified the staff "Hydraslayer" {rElec Necro Tloc Air}
 11955 | D:9      | Noticed a two-headed ogre
 11961 | D:9      | Killed a two-headed ogre
 12162 | D:9      | Reached * piety under Vehumet
 12162 | D:9      | Offered knowledge of Shock by Vehumet.
 12166 | D:9      | Learned a level 1 spell: Shock
 12616 | D:9      | Found a staircase to the Lair.
 12628 | D:9      | Identified the ring "Puzaw" {Fly Int+2}
 12972 | D:9      | Reached skill level 10 in Spellcasting
 13437 | D:9      | Reached ** piety under Vehumet
 13640 | D:9      | Offered knowledge of Sting by Vehumet.
 13641 | D:9      | Reached XP level 11. HP: 36/64 MP: 20/27
 13982 | D:10     | Entered Level 10 of the Dungeon
 13982 | D:10     | Found Igisch's Distillery.
 13989 | D:10     | Noticed Psyche
 13995 | D:10     | Killed Psyche
 14084 | D:10     | Found a glowing golden altar of the Shining One.
 14566 | D:10     | Offered knowledge of Scorch by Vehumet.
 14590 | D:10     | Noticed Erica
 14730 | D:10     | Killed Erica
 14766 | D:10     | Reached skill level 10 in Conjurations
 15045 | D:10     | Found a portal to a secret trove of treasure.
 15054 | D:10     | Reached skill level 11 in Spellcasting
 15247 | D:10     | Found a large runed translucent door.
 15247 | D:10     | Found a large runed translucent door.
 15250 | D:10     | Noticed unrecovered's ghost (novice DgFE)
 15384 | D:10     | Reached *** piety under Vehumet
 16051 | Lair:1   | Entered Level 1 of the Lair of Beasts
 16248 | Lair:1   | Noticed a catoblepas
 16254 | Lair:1   | Offered knowledge of Brom's Barrelling Boulder by Vehumet.
 16257 | Lair:1   | Killed a catoblepas
 16288 | Lair:1   | Learned a level 4 spell: Brom's Barrelling Boulder
 16844 | Lair:1   | Identified the +2 robe "Fybliemuoh" {rCorr Int+2 Dex-3
                  | SInv}
 17310 | Lair:2   | Reached skill level 1 in Earth Magic
 17384 | Lair:2   | Reached XP level 12. HP: 72/72 MP: 23/29
 17457 | Lair:2   | Noticed a seven-headed hydra
 17467 | Lair:2   | Killed a seven-headed hydra
 17517 | Lair:2   | Reached skill level 12 in Spellcasting
 17845 | Lair:2   | Found a staircase to the Swamp.
 17845 | Lair:2   | Noticed an eleionoma
 17853 | Lair:2   | Killed an eleionoma
 18124 | Lair:3   | Noticed a catoblepas
 18129 | Lair:3   | Killed a catoblepas
 18130 | Lair:3   | Reached skill level 10 in Translocations
 18130 | Lair:3   | Reached skill level 10 in Alchemy
 18461 | Lair:3   | Reached **** piety under Vehumet
 18717 | Lair:3   | Offered knowledge of Flame Wave by Vehumet.
 18723 | Lair:3   | Learned a level 4 spell: Flame Wave
 19058 | Lair:3   | Found a staircase to the Snake Pit.
 19326 | Lair:3   | Reached skill level 1 in Fire Magic
 19691 | Lair:4   | Reached skill level 13 in Spellcasting
 19697 | Lair:4   | Noticed Kirke
 19701 | Lair:4   | Reached skill level 5 in Earth Magic
 20157 | Lair:4   | Found a white marble altar of Elyvilon.
 20171 | Lair:4   | Killed Kirke
 20240 | Lair:4   | Learned a level 5 spell: Arcjolt
 20274 | Lair:4   | Reached XP level 13. HP: 76/76 MP: 12/32
 20503 | Lair:4   | Found a viscous altar of Jiyva.
 20503 | Lair:4   | Found a staircase to the Slime Pits.
 20615 | Lair:4   | Noticed a dire elephant
 20615 | Lair:4   | Noticed a dire elephant
 20637 | Lair:4   | Found a runed translucent door.
 21202 | Lair:5   | Entered Level 5 of the Lair of Beasts
 21246 | Lair:5   | Reached ***** piety under Vehumet
 21477 | Lair:5   | Reached skill level 5 in Fire Magic
 21713 | Lair:5   | Offered knowledge of Orb of Destruction by Vehumet.
 21724 | Lair:4   | Learned a level 7 spell: Orb of Destruction
 21779 | Lair:5   | Reached skill level 14 in Spellcasting
 23462 | Lair:5   | Identified the +9 hand axe "Kyokkan" {spect, rC+ rCorr}
 23522 | Lair:5   | Reached skill level 15 in Spellcasting
 23548 | Lair:5   | Reached XP level 14. HP: 82/82 MP: 20/35
 24865 | Lair:4   | Identified the staff of the Singing Gods {rN+ Str-2 Int+6
                  | Necro}
 25047 | D:10     | Bought a potion of heal wounds for 80 gold pieces
 25047 | D:10     | Bought a potion of curing for 48 gold pieces
 25047 | D:10     | Bought a potion of haste for 160 gold pieces
 25047 | D:10     | Bought a potion of curing for 48 gold pieces
 25047 | D:10     | Bought a potion of curing for 48 gold pieces
 25047 | D:10     | Bought a potion of brilliance for 64 gold pieces
 25468 | D:11     | Found a staircase to the Orcish Mines.
 25980 | D:11     | Found a runed translucent gate.
 25980 | D:11     | Found a runed translucent gate.
 25980 | D:11     | Found a runed translucent gate.
 26147 | D:12     | Identified the ring "Nowuthiu" {^Drain rC+++ Str+5 Int+6
                  | Stlth+}
 26288 | D:12     | Noticed Rupert
 26297 | D:12     | Killed Rupert
 27375 | D:13     | Identified the +5 ring mail of the Bells {Rampage rCorr
                  | Str+5 Dex-5}
 28406 | D:14     | Reached skill level 16 in Spellcasting
 28468 | D:14     | Offered knowledge of Starburst by Vehumet.
 28478 | D:13     | Learned a level 6 spell: Starburst
 28563 | D:14     | Found a hazy altar of Hepliaklqana.
 28897 | D:14     | Reached skill level 10 in Earth Magic
 29255 | D:14     | Found a gate to the Vaults.
 29464 | D:15     | Entered Level 15 of the Dungeon
 29811 | D:15     | Found a shimmering altar of Xom.
 29813 | D:15     | Found a shimmering altar of Xom.
 29814 | D:15     | Found a shimmering altar of Xom.
 29847 | D:15     | Found a shimmering altar of Xom.
 30064 | D:15     | Found a staircase to the Depths.
 30108 | D:15     | Reached skill level 1 in Air Magic
 30599 | D:15     | Reached XP level 15. HP: 86/86 MP: 12/37
 31144 | D:15     | Reached skill level 10 in Fire Magic
 31613 | Orc:1    | Entered Level 1 of the Orcish Mines
 32908 | Orc:2    | Entered Level 2 of the Orcish Mines
 32968 | Orc:2    | Found an iron altar of Okawaru.
 33019 | Orc:2    | Found a staircase to the Elven Halls.
 33342 | Orc:2    | Noticed Sonja
 33346 | Orc:2    | Killed Sonja
 33347 | Orc:2    | Reached skill level 17 in Spellcasting
 33648 | Orc:2    | Reached skill level 15 in Conjurations
 34918 | Orc:2    | Offered knowledge of Bombard by Vehumet.
 34936 | Orc:2    | Learned a level 6 spell: Bombard
 35701 | Orc:2    | Found Toodon's Antique Armour Emporium.
 35702 | Orc:2    | Found Loahol's Antique Weapon Emporium.
 35704 | Orc:2    | Found Cakku's General Store.
 35704 | Orc:2    | Found Cuhogiam's Jewellery Shoppe.
 35719 | Orc:2    | Bought an ichor-stained cloak for 294 gold pieces
 35719 | Orc:2    | Identified the +2 cloak of Feanof {Dex+2} (You bought it in
                  | a shop on level 2 of the Orcish Mines)
 36268 | Snake:1  | Entered Level 1 of the Snake Pit
 36301 | Snake:1  | Identified the serpent talisman of Contentment {*Slow Int+4
                  | Dex-4 SInv}
 36301 | Snake:1  | Noticed Aizul
 36317 | Snake:1  | Killed Aizul
 36445 | Snake:1  | Reached skill level 5 in Air Magic
 36455 | Snake:1  | Found a glacial archway.
 36462 | IceCv    | Entered an ice cave
 37615 | IceCv    | Reached skill level 18 in Spellcasting
 37831 | IceCv    | Reached XP level 16. HP: 92/92 MP: 36/40
 37831 | IceCv    | Noticed a shard shrike
 37835 | IceCv    | Killed a shard shrike
 37947 | IceCv    | Identified the ring of Daffodils {rC+ rN+ Will+ Str-5}
 38024 | IceCv    | Identified the +7 ice dragon scales of a sewer {rF- rC++
                  | Will+ Slay+3}
 38346 | Snake:1  | Offered knowledge of Conjure Ball Lightning by Vehumet.
 38470 | Snake:1  | Learned a level 6 spell: Conjure Ball Lightning
 39831 | Snake:1  | Identified the amulet "Zasopnul" {Reflect rElec Dex+6 SH+5}
 41231 | Snake:2  | Reached skill level 19 in Spellcasting
 41249 | Snake:2  | Slain by a mana viper

Illustrated notes

Levels and vault maps discovered:
D:1:      dpeg_arrival_refuge, layout_basic, basic_ecumenical_altar
D:2:      layout_rooms, serial_co_window_serial, co_window_corner_a,
          co_window_of_opportunity_a, co_window_corner_a,
          co_window_of_opportunity_a, co_window_corner_a,
          co_window_unsneaky_path_e, co_window_broadway_a, co_window_paths_c,
          co_window_2corner, co_window_of_opportunity_b, co_window_paths_e
D:3:      minmay_general_purpose_star, layout_basic, portal_sewer_entry_d,
          kennysheep_generic_room_7
D:4:      kennysheep_kobold_camp, layout_gridville, guppyfry_early_lair_pool,
          uniq_pikel
D:5:      layout_loops_ring, nzn_random_ring
D:6:      layout_cave_pools, gammafunk_ghost_hive,
          hellmonk_guarded_unrand_lears, uniq_crazy_yiuf_cottage
D:7:      layout_loops_ring, minmay_temple_entry_mist
D:8:      layout_rooms, uniq_maggie
D:9:      layout_gridville, david_lair_generic
D:10:     layout_long_grid, old_standard_altar,
          nicolae_trove_entry_path_of_doom, serial_shops, shop_statue,
          ebering_ghost_disaster_area, serial_bayou_pond_a,
          minmay_joined_circles, uniq_erica, uniq_psyche
D:11:     layout_small_grid, david_orc_4,
          ploomutoo_gammafunk_ghost_potion_laboratory
D:12:     layout_small_grid, minmay_door_square, kennysheep_nub, uniq_rupert
D:13:     layout_basic
D:14:     layout_basic, david_vaults_2, nicolae_hepliaklqana_hazy_memory
D:15:     grunt_enter_depths_hoard, layout_cave_pods, xom_shifter_show,
          dreamdust_princess_corridor
Temple:   mainiacjoe_temple_archimedes_tessellation
Lair:1:   layout_loops_ring
Lair:2:   layout_roguey, alex1729_swamp_entry_worm_eleionoma,
          serial_bayou_crossing
Lair:3:   layout_loops_ring, minmay_snake_entry_six_corridors
Lair:4:   gammafunk_lair_enchanted_lake, layout_small_grid,
          minmay_slime_entry_jelly_boxes, basic_altar,
          chequers_serial_rivers_small_a, small_statue_intersection,
          lemuel_fruit_tree, uniq_kirke
Lair:5:   gammafunk_lair_ancient_temple, layout_hall_layers,
          grunt_forest_small_clearing_treed, serial_bayou_shore_a
Snake:1:  kennysheep_snake, layout_layer_cave, portal_ice_cave_entry_pillars_1,
          serial_bayou_shore_b, grunt_megastairs_4, uniq_aizul
Snake:2:  layout_concentric_octagons, serial_shops, shop, minmay_shoptagon
Orc:1:    layout_caves
Orc:2:    st_orc_congregation, layout_diamond_mine, okawaru_metal_pillars_3,
          uniq_sonja

Skill      XL: |  1  2  3  4  5  6  7  8  9 10 11 12 13 14 15 16 |
---------------+-------------------------------------------------+-----
Translocations | 1 2 3 4 5 6 8 9 10 | 10.3
Alchemy        | 1 2 3 4 5 6 8 9 10 | 10.3
Fighting       | 1 2 3 4 5 6 7 |  7.2
Spellcasting   | 4 5 6 7 8 10 11 13 15 16 18 19 | 19.0
Conjurations   | 5 6 7 8 9 10 12 13 14 15 16 | 16.6
Earth Magic    | 1 5 8 10 | 10.1
Fire Magic     | 3 7 9 11 12 | 12.7
Air Magic      | 2 6 8 |  8.1
Dodging        | |  2.4
Stealth        | |  2.4

Action                     |  1- 3 |  4- 6 |  7- 9 | 10-12 | 13-15 | 16-18 || total
---------------------------+-------+-------+-------+-------+-------+-------++-------
  Melee: Unarmed           |       |    10 |    73 |       |       |       ||    83
         Punch             |       |       |     3 |       |       |       ||     3
         Staff             |       |       |       |     1 |     1 |       ||     2
   Cast: Magic Dart        |    64 |    63 |    92 |    13 |       |       ||   232
         Searing Ray       |     4 |    29 |    50 |    47 |    16 |       ||   146
         Fulminant Prism   |       |       |    44 |    88 |    77 |     3 ||   212
         Iskenderun's Myst |       |       |    34 |    90 |   257 |    20 ||   401
         Shock             |       |       |       |    90 |    11 |       ||   101
         Brom's Barrelling |       |       |       |     7 |     1 |       ||     8
         Flame Wave        |       |       |       |     4 |    21 |       ||    25
         Arcjolt           |       |       |       |     1 |     9 |       ||    10
         Orb of Destructio |       |       |       |       |   129 |    17 ||   146
         Bombard           |       |       |       |       |    36 |    76 ||   112
         Starburst         |       |       |       |       |    23 |     6 ||    29
         Conjure Ball Ligh |       |       |       |       |       |     2 ||     2
  Evoke: Box of beasts     |       |       |       |       |     1 |       ||     1
    Use: Scroll            |       |     5 |    10 |    15 |    17 |     1 ||    48
         Potion            |       |     4 |     5 |       |    11 |       ||    20
 Armour: Robe              |     3 |    15 |    36 |    12 |   171 |    40 ||   277
         Acid dragon scale |       |       |       |    27 |       |       ||    27
  Dodge: Dodged            |     1 |    10 |    36 |    41 |   127 |    17 ||   232
         Repelled          |       |       |       |       |     2 |     6 ||     8
